 Dungeon Crawl Stone Soup version 0.30.1-4-g462c640d31 (webtiles) character file.

Game seed: 9043295212041511408

3768 safid the Frost Mage (level 10, 0/82 HPs)
             Began as a Merfolk Ice Elementalist on Sept 7, 2023.
             Was a Believer of Vehumet.
             Slain by Erica
             ... wielding a +1 scimitar of flaming
              (2 damage)
             ... on level 9 of the Dungeon on Sept 8, 2023.
             The game lasted 00:14:09 (8386 turns).

safid the Frost Mage (Merfolk Ice Elementalist)     Turns: 8386, Time: 00:14:10

Health: 0/82       AC:  5    Str:  9    XL:     10   Next: 16%
Magic:  23/30      EV: 16    Int: 22    God:    Vehumet [**....]
Gold:   406        SH:  0    Dex: 18    Spells: 14/23 levels left

rFire   + . .        E - +11 dagger of Weak False Accusations {heavy, rC+ rCorr MP+9}
rCold   + . .        (no shield)
rNeg    . . .        a - +0 robe
rPois   +            c - +0 helmet
rElec   .            (no cloak)
rCorr   +            p - +0 pair of gloves of the Kraken {rPois Int+4 Dex+3}
SInv    .            j - +0 pair of boots
Will    .....        t - amulet of regeneration
Stlth   ++           H - ring of protection from fire
HPRegen 1.13/turn    e - +4 ring of slaying
MPRegen 0.22/turn

%: no passive effects
@: freezing walls, slowed, very slow
A: (nimble swimmer 2), mertail
a: Renounce Religion


You were on level 9 of the Dungeon.
You worshipped Vehumet.
Vehumet was pleased with you.
You visited 2 branches of the dungeon, and saw 10 of its levels.

You collected 436 gold pieces.
You spent 30 gold pieces at shops.

Inventory:

Hand Weapons
 E - the +11 dagger of Weak False Accusations (weapon) {heavy, rC+ rCorr MP+9}
   (You found it on level 4 of the Dungeon)

   rC:        It protects you from cold.
   MP:        It affects your magic capacity (+9).
   rCorr:     It protects you from acid and corrosion.
Missiles
 y - 2 throwing nets
 I - a curare-tipped dart
Armour
 a - a +0 robe (worn)
 c - a +0 helmet (worn)
 j - a +0 pair of boots (worn)
 p - the +0 pair of gloves of the Kraken (worn) {rPois Int+4 Dex+3}
   (You found it on level 2 of the Dungeon)

   Int:       It affects your intelligence (+4).
   Dex:       It affects your dexterity (+3).
   rPois:     It protects you from poison.
Jewellery
 e - a +4 ring of slaying (right hand)
 t - an amulet of regeneration (around neck)
 x - a ring of wizardry
 H - a ring of protection from fire (left hand)
Wands
 g - a wand of paralysis (6)
 C - a wand of iceblast (9)
 F - a wand of digging (7)
Scrolls
 i - a scroll of enchant armour {unknown}
 k - a scroll of fog {unknown}
 l - 2 scrolls of blinking {unknown}
 o - 5 scrolls of teleportation
 u - 2 scrolls of silence
 v - a scroll of noise {unknown}
 w - a scroll of brand weapon {unknown}
 z - 2 scrolls of immolation {unknown}
 A - a scroll of magic mapping {unknown}
 B - a scroll of acquirement {unknown}
 D - 2 scrolls of amnesia {unknown}
 G - a scroll of identify
Potions
 b - a potion of magic
 d - a potion of resistance {unknown}
 f - a potion of heal wounds
 h - a potion of ambrosia {unknown}
 m - 3 potions of might
 n - 4 potions of curing
 q - 2 potions of flight {unknown}
 r - a potion of berserk rage {unknown}
 s - 3 potions of mutation {unknown}


   Skills:
 + Level 8.4 Fighting
 + Level 7.1 Dodging
 - Level 2.1 Stealth
 + Level 7.3 Spellcasting
 + Level 9.5 Ice Magic


You had 14 spell levels left.
You knew the following spells:

 Your Spells              Type           Power      Damage    Failure   Level
a - Freeze                Ice            100%       1d10      1%          1
b - Frozen Ramparts       Ice            100%       1d16      1%          3
c - Ozocubu's Armour      Ice            50%        N/A       1%          3
d - Blink                 Tloc           16%        N/A       12%         2

Your spell library contained the following spells:

 Spells                   Type           Power      Damage    Failure   Level
 Static Discharge         Conj/Air       16%        2-3/arc   12%         2
 Kiss of Death            Conj/Necr      32%        2d7       8%          1
 Magic Dart               Conj           32%        1d4       8%          1
 Summon Ice Beast         Ice/Summ       29%        N/A       11%         4
 Call Imp                 Summ           16%        N/A       12%         2
 Lesser Beckoning         Tloc           16%        N/A       12%         2
 Momentum Strike          Conj/Tloc      16%        3d8       12%         2
 Confusing Touch          Hex            8%         N/A       24%         3
 Dazzling Flash           Conj/Hex       16%        N/A       24%         3
 Gell's Gravitas          Tloc           8%         N/A       24%         3
 Mephitic Cloud           Conj/Pois/Air  8%         N/A       24%         3
 Teleport Other           Tloc           8%         N/A       24%         3
 Volatile Blastmotes      Fire/Tloc      16%        2d11      24%         3
 Dispel Undead            Necr           8%         3d8       61%         4
 Iskenderun's Mystic Bla  Conj/Tloc      8%         2d4       61%         4
 Alistair's Intoxication  Tmut/Pois      5%         N/A       91%         5
 Borgnjor's Vile Clutch   Necr/Erth      4%         N/A       91%         5
 Eringya's Noxious Bog    Tmut/Pois      4%         N/A       100%        6
 Starburst                Conj/Fire      4%         6d3       100%        6


Dungeon Overview and Level Annotations

Branches:
Dungeon (9/15)             Temple (1/1) D:5
   Lair: D:8-11         Orc: D:9-12

Altars:
Ashenzari
Cheibriados
Dithmenos
Elyvilon
Fedhas
Gozag
Hepliaklqana
Kikubaaqudgha
Makhleb
Nemelex Xobeh
Okawaru
Qazlal
Ru
Sif Muna
Trog
Uskayaw
Vehumet
Wu Jian
Xom
Yredelemnul
The Shining One

Shops:
D:1 !

Annotations:
D:9 Erica


Innate Abilities, Weirdness & Mutations

((You are very nimble when in or above water. (Stealth+, EV+, Speed+++)))
Your lower body shifts to a powerful aquatic tail in water.


Message History

The walls around you are covered in ice.
The wall freezes something.
You hear some strange, mumbled words.
A bolt of poison appears from out of thin air!
The bolt of poison hits you! You resist.
Casting: Frozen Ramparts (safe; 1% risk of failure)
Confirm with . or Enter, or press ? or * to list all spells.
A film of ice covers your body!
The wall freezes something.
The wall freezes something.
You hear some strange, mumbled words.
You feel yourself slow down.
Unknown command.
Your icy armour and frozen ramparts will break if you move.
Continue?
You hit something.
The wall freezes something.
You hear some strange, mumbled words.
A bolt of poison appears from out of thin air!
The bolt of poison hits you! You resist.
The wall freezes something.
Something hits you. The heat melts your icy armour.
Your icy armour and frozen ramparts will break if you move.
Continue?
You hit something but do no damage.
The wall freezes something!
You hear some strange, mumbled words.
A lance of force appears from out of thin air!
The lance of force hits you!!
Your icy armour cracks and falls away as you move.
The frozen ramparts melt away as you move.
You are knocked back by the lance of force.
You slam into the rock wall!
* * * LOW HITPOINT WARNING * * *
A kobold comes into view. It is wielding a +0 short sword.
Unknown command.
Casting: Ozocubu's Armour (safe; 1% risk of failure)
Confirm with . or Enter, or press ? or * to list all spells.
Casting: Frozen Ramparts (safe; 1% risk of failure)
Press: ? - help, Dir - look around, f - activate The walls around you are covered in ice.
The wall freezes something.
Something hits you!
* * * LOW HITPOINT WARNING * * *
Something burns you.
You die...

...... ...#.⌠
.....#####...#.
##.......#....###
.'.......#......~
#....)#......≈ ......#
#....#....# ......#
#..###...# ......##
#..#.{...# >......
#..'@....#.. ......#
#..#....K.# ......#
#.##!........
......#######.#......#...
.......†.)))..#......# ..
.....##########......# #
.....#.................
...###......###########.
##'#........#


You could see a kobold.

Vanquished Creatures
  2 kobold demonologists (D:9)
  A wyvern (D:9)
  2 water moccasins
  A sky beast (D:7)
  3 ice beasts
  3 orc warriors
  2 black bears
  2 ogres
  A centaur (D:7)
  2 phantoms (D:5)
  4 kobold brigands
  3 bullfrogs
  A gnoll sergeant (D:5)
  2 howler monkeys (D:8)
  A gnoll bouda (D:4)
  6 orc priests
  3 hounds
  A sleepcap (D:7)
  4 iguanas
  12 orc wizards
  16 gnolls
  2 adders
  A white imp (D:6)
  2 ufetubi (D:6)
  5 worms
  3 dart slugs
  34 orcs
  2 bats
  4 endoplasms
  3 giant cockroaches
  6 hobgoblins
  8 jackals
  17 kobolds
  4 quokkas
  5 ball pythons
  2 frilled lizards
  17 goblins
  4 rats
191 creatures vanquished.

Notes
Turn   | Place    | Note
-------+----------+-------------------------------------------
     0 | D:1      | safid the Merfolk Ice Elementalist began the quest for the
                  | Orb.
     0 | D:1      | Reached XP level 1. HP: 13/13 MP: 3/3
   118 | D:1      | Reached XP level 2. HP: 20/20 MP: 5/5
   177 | D:1      | Reached skill level 1 in Fighting
   353 | D:1      | Reached XP level 3. HP: 26/26 MP: 6/6
   385 | D:1      | Learned a level 3 spell: Frozen Ramparts
   428 | D:1      | Found Pofuadwaiwn's Distillery.
   726 | D:1      | Bought a potion of curing for 30 gold pieces
  1015 | D:2      | Identified the +0 pair of gloves of the Kraken {rPois Int+4
                  | Dex+3}
  1487 | D:2      | Reached XP level 4. HP: 31/33 MP: 8/8
  1491 | D:2      | Learned a level 3 spell: Ozocubu's Armour
  1519 | D:2      | Reached skill level 5 in Ice Magic
  2305 | D:3      | Reached XP level 5. HP: 23/40 MP: 2/9
  2574 | D:3      | Found a shadowy altar of Dithmenos.
  2575 | D:3      | Found a shimmering blue altar of Sif Muna.
  3215 | D:4      | Reached XP level 6. HP: 32/47 MP: 2/11
  3537 | D:4      | Reached skill level 6 in Ice Magic
  3580 | D:4      | Identified the +0 pair of gloves of the New World {Will+
                  | Str+3}
  3626 | D:4      | Reached XP level 7. HP: 52/54 MP: 7/13
  3814 | D:4      | Identified the +11 dagger of Weak False Accusations {heavy,
                  | rC+ rCorr MP+9}
  4093 | D:5      | Entered Level 5 of the Dungeon
  4433 | D:5      | Reached skill level 5 in Fighting
  4732 | D:5      | Reached skill level 7 in Ice Magic
  4750 | D:5      | Reached skill level 5 in Spellcasting
  4750 | D:5      | Reached XP level 8. HP: 62/62 MP: 15/15
  5115 | D:5      | Identified the staff of earth "Xoxen" {rElec Will+}
  5136 | D:5      | Found a staircase to the Ecumenical Temple.
  5161 | Temple   | Entered the Ecumenical Temple
  5314 | Temple   | Became a worshipper of Vehumet
  5634 | D:6      | Found a sacrificial altar of Ru.
  5824 | D:6      | Found a hazy altar of Hepliaklqana.
  5828 | D:6      | Learned a level 2 spell: Blink
  5980 | D:6      | Reached skill level 8 in Ice Magic
  6089 | D:6      | Reached XP level 9. HP: 71/71 MP: 18/18
  6308 | D:6      | Found an ornate altar of the Wu Jian Council.
  6833 | D:7      | Reached skill level 5 in Dodging
  6891 | D:7      | Reached * piety under Vehumet
  6891 | D:7      | Offered knowledge of Shock by Vehumet.
  8072 | D:8      | Reached skill level 9 in Ice Magic
  8304 | D:9      | Noticed a kobold demonologist
  8305 | D:9      | Noticed a kobold demonologist
  8311 | D:9      | Killed a kobold demonologist
  8314 | D:9      | Noticed an ice devil
  8314 | D:9      | Killed a kobold demonologist
  8314 | D:9      | Offered knowledge of Static Discharge by Vehumet.
  8315 | D:9      | Reached XP level 10. HP: 80/80 MP: 20/20
  8322 | D:9      | Reached ** piety under Vehumet
  8377 | D:9      | Noticed Erica
  8386 | D:9      | HP: 2/82 [something (14)]
  8386 | D:9      | Slain by Erica

Illustrated notes

Levels and vault maps discovered:
D:1:      lemuel_arrival_hallway, layout_rooms, serial_shops,
          nicolae_shop_just_a_little_nook, minmay_heptomino_o4
D:2:      layout_loops_corners, kennysheep_generic_room_9
D:3:      layout_basic, mainiacjoe_overflow_divided_tiny
D:4:      layout_loops_corners
D:5:      nicolae_cairo_tiling_large, layout_layer_cave,
          minmay_temple_entry_mini_moons, minmay_checkerbox
D:6:      layout_cave_pods, nicolae_ru_awakened_eye, kennysheep_little_box,
          mainiacjoe_overflow_small_starburst
D:7:      layout_cave_pods
D:8:      layout_gridville, minmay_stone_trees_small
D:9:      layout_irregular_city, mainiacjoe_overflow_alcove_2,
          chequers_serial_rivers_small_b, fountainhead, uniq_maurice,
          uniq_erolcha, uniq_erica
Temple:   regret_index_temple_sphere_string

Skill      XL: |  1  2  3  4  5  6  7  8  9 10 |
---------------+-------------------------------+-----
Fighting       | 1 2 3 4 5 6 8 |  8.4
Ice Magic      | 5 6 7 8 9 |  9.5
Spellcasting   | 3 4 5 6 7 |  7.3
Dodging        | 4 6 7 |  7.1
Stealth        | |  2.1

Action                     |  1- 3 |  4- 6 |  7- 9 | 10-12 || total
---------------------------+-------+-------+-------+-------++-------
  Melee: Whip              |    33 |       |       |       ||    33
         Falchion          |    52 |    16 |       |       ||    68
         Punch             |     1 |       |     1 |       ||     2
         Dagger            |       |    66 |   125 |    11 ||   202
   Cast: Freeze            |     6 |     5 |     1 |       ||    12
         Frozen Ramparts   |       |     9 |    24 |     4 ||    37
         Ozocubu's Armour  |       |     6 |    19 |     1 ||    26
    Use: Scroll            |       |       |     4 |       ||     4
   Stab: Sleeping          |     3 |     3 |     1 |       ||     7
 Armour: Robe              |    19 |    23 |    40 |     1 ||    83
  Dodge: Dodged            |    69 |    69 |   110 |     9 ||   257
